 Dungeon Crawl Stone Soup version 0.21-a0-471-gd587bd5 (webtiles) character file.

63 Zeege the Firebug (level 4, 0/24 HPs)
             Began as a Gargoyle Fire Elementalist on Nov 21, 2017.
             Slain by Terence
             ... wielding a +0 flail
              (3 damage)
             ... on level 2 of the Dungeon.
             The game lasted 00:08:12 (2289 turns).

Zeege the Firebug (Gargoyle Fire Elementalist)      Turns: 2289, Time: 00:08:12

Health: 0/24       AC:  5    Str: 11    XL:     4   Next: 10%
Magic:  3/7        EV: 12    Int: 17    God:
Gold:   68         SH:  0    Dex: 10    Spells: 3/8 levels left

rFire    . . .     SeeInvis .   q - +2 hunting sling (flame)
rCold    . . .     Gourm    .   (no shield)
rNeg     + . .     Faith    .   a - +0 robe
rPois    ∞         Spirit   .   (no helmet)
rElec    +         Reflect  .   (no cloak)
rCorr    .         Harm     .   (no gloves)
MR       .....                  (no boots)
Stlth    ++........             (no amulet)
HPRegen  0.08/turn              (no ring)
MPRegen  0.10/turn              (no ring)

@: very slightly contaminated
A: negative energy resistance 1, electricity resistance, unbreathing,
petrification resistance, rot immunity, AC +3
a: no special abilities


You were on level 2 of the Dungeon.
You were hungry.

You visited 1 branch of the dungeon, and saw 2 of its levels.

You collected 68 gold pieces.

Inventory:

Hand Weapons
 g - a +0 short sword
 q - a +2 hunting sling of flaming (weapon)
Missiles
 o - 2 throwing nets
 r - 21 stones (quivered)
Armour
 a - a +0 robe (worn)
 j - a +0 ring mail
Scrolls
 d - a scroll of teleportation {unknown}
 p - a scroll of enchant armour {unknown}
 s - a scroll of remove curse {unknown}
 t - a scroll of amnesia {unknown}
Potions
 e - 3 potions of curing {unknown}
 i - 2 potions of agility {unknown}
 l - a potion of heal wounds {unknown}
 m - a potion of might {unknown}
Books
 b - a book of Flames

   Spells                             Type                      Level
   a - Flame Tongue                   Conjuration/Fire             1
   b - Throw Flame                    Conjuration/Fire             2
   c - Conjure Flame                  Conjuration/Fire             3
   d - Inner Flame                    Hexes/Fire                   3
   e - Sticky Flame                   Conjuration/Fire             4
   f - Fireball                       Conjuration/Fire             5
Comestibles
 c - a bread ration
 f - a royal jelly
 h - a meat ration
 k - 6 fruits
 n - 4 chunks of flesh


   Skills:
 - Level 1.5 Dodging
 - Level 2.1 Stealth
 + Level 2.6 Spellcasting
 + Level 1.9 Conjurations
 * Level 4.1 Fire Magic


You had 3 spell levels left.
You knew the following spells:

 Your Spells              Type           Power        Failure   Level  Hunger
a - Flame Tongue          Conj/Fire      ##...        5%          1    #......
b - Sticky Flame          Conj/Fire      ##......     45%         4    #####..


Dungeon Overview and Level Annotations

Branches:
Dungeon (2/15)

Altars:

Annotations:
D:2 Robin, Terence


Innate Abilities, Weirdness & Mutations

You are resistant to torment.
Your stone body is resilient. (AC +3)
You are immune to poison.
You resist negative energy. (rN+)
You are resistant to electric shocks. (rElec)
You can survive without breathing.
You are immune to petrification.
You are immune to rotting.


Message History

Aiming: Sticky Flame
Press: ? - help, Shift-Dir - straight line, f/p - Terence
Aim: Terence, wielding a flail and wearing a chain mail You miscast Sticky Flame.
Fire whirls out from your hands!
You are feeling hungry.
A fire vortex comes into view.
Terence barely misses you.
Casting: Sticky Flame
Confirm with . or Enter, or press ? or * to list all spells.
You don't have enough magic to cast that spell.
Unknown command.
The fire vortex hits you. The fire vortex burns you!
Ouch! That really hurt!
* * * LOW HITPOINT WARNING * * *
The fire vortex dissipates!
Terence says, "How do you enjoy it?"
Terence shouts, "Get ready for death!"
There is an open door here.
You open the door. Terence hits you with a flail.
You die...

#.##......# ##...## #.#
#.##..##..###.....## ### #.#
#.##..##..##.......## ##.###.##
#.##...#..#.........####.......##
#....[....+.........'............
####...####.........####...##..#.
##..)## ##..<....## #..###..#.
#.....# ##....@## #...)..[#.
#....## ##..@## #...###.#. #.#.##
##'## #.......#. #.### #.#
##..#####. #.# #.# #........ #.#
#####.#### ##.######
#.#######........# #.#
#.........#......## #.#
############......## #.#
##......#####.#


You could see Terence.

Vanquished Creatures
  An adder (D:2)
  An ooze (D:1)
  A worm (D:2)
  A dart slug (D:1)
  3 bats
  5 giant cockroaches
  3 hobgoblins (D:1)
  4 jackals (D:1)
  A quokka (D:2)
  A ball python (D:1)
  7 frilled lizards
  8 goblins
  3 kobolds (D:1)
  5 rats
44 creatures vanquished.

Vanquished Creatures (others)
  A fire vortex (D:2)
1 creature vanquished.

Grand Total: 45 creatures vanquished

Notes
Turn   | Place    | Note
-------+----------+-------------------------------------------
     0 | D:1      | Zeege the Gargoyle Fire Elementalist began the quest for the Orb.
     0 | D:1      | Reached XP level 1. HP: 10/10 MP: 3/3
    96 | D:1      | Reached XP level 2. HP: 15/15 MP: 1/5
   615 | D:1      | Reached XP level 3. HP: 19/19 MP: 2/6
  1714 | D:2      | Reached skill level 4 in Fire Magic
  1938 | D:2      | Reached XP level 4. HP: 14/24 MP: 0/7
  2216 | D:2      | Learned a level 4 spell: Sticky Flame
  2262 | D:2      | Noticed Terence
  2264 | D:2      | Noticed Robin
  2273 | D:2      | HP: 1/24 [fire vortex[miscasting Sticky Flame] (22)]
  2289 | D:2      | Slain by Terence

Vault maps used:
D:1:      moated_graveyard_arrival
D:2:      grunt_decor_arrowhead, uniq_terence, uniq_robin

Skill      XL: |  1  2  3 |
---------------+----------+-----
Fire Magic     | 4 |  4.1
Dodging        | |  1.5
Stealth        | |  2.1
Spellcasting   | |  2.6
Conjurations   | |  1.9

Action                   |  1- 3 |  4- 6 || total
-------------------------+-------+-------++-------
Melee: Unarmed           |     9 |       ||     9
       Short sword       |    13 |       ||    13
 Fire: Hunting sling     |       |     5 ||     5
 Cast: Flame Tongue      |    72 |     4 ||    76
  Eat: Chunk             |     3 |     1 ||     4
       Fruit             |     1 |       ||     1
Armor: Robe              |    22 |       ||    22
Dodge: Dodged            |    39 |     4 ||    43

Table legend:
 A = Spawn XP
 B = Non-spawn XP
 C = Spawn XP percentage of total XP
 D = Spawn monster count
 E = Non-spawn monster count
 F = Spawn count percentage of total count
 G = Total turns spent on level
                    A         B        C        D         E        F      G
               +---------+---------+-------+---------+---------+-------+---------
         Total |       0 |      91 |   0.0 |       0 |      44 |   0.0 |  2289
               +---------+---------+-------+---------+---------+-------+---------
           D:1 |       0 |      50 |   0.0 |       0 |      28 |   0.0 |  1386
           D:2 |       0 |      41 |   0.0 |       0 |      16 |   0.0 |   903
               +---------+---------+-------+---------+---------+-------+---------
